[Event "POR-ch Women 2018"]
[Site "Braga"]
[Date "2018.09.05"]
[Round "5"]
[White "Oliveira, Maria Elisa Ramos M"]
[Black "Silva, Mariana Sofia T"]
[Result "0-1"]
[ECO "B34"]
[WhiteElo "1333"]
[BlackElo "1924"]
[Annotator "NA"]
[PlyCount "84"]
[EventDate "2018.09.02"]
[EventType "tourn"]
[EventCountry "POR"]
[SourceTitle "playchess.com"]
[Source "ChessBase"]
[SourceQuality "1"]
[TimeControl "5400+30"]

1. e4 c5 2. Nf3 Nc6 3. d4 cxd4 4. Nxd4 g6 5. Nc3 Bg7 6. Be3 Nf6 7. Be2 O-O 8. O-O d5 9. exd5 Nxd5 10. Nxd5 Qxd5 11. Nxc6 Qxc6 12. c3 Be6 13. Qc2 Bd5 14. f3 Qe6 15. Qc1 Rac8 16. a3 a6 17. Re1 Rfd8 18. Bf1 Qc6 19. Bg5 Qc5+ 20. Qe3 Qxe3+ 21. Bxe3 Bb3 22. Bg5 f6 23. Be3 e5 24. Rac1 b5 25. Bb6 Rd2 26. Re2 Bh6 27. Rxd2 Bxd2 28. Ra1 Rc6 29. Bf2 Rd6 30. Be1 Be3+ 31. Kh1 Kf7 32. g3 Rd1 33. Rxd1 Bxd1 34. c4 Bxf3+ 35. Bg2 Bxg2+ 36. Kxg2 bxc4 37. Kf3 Bd4 38. Bc3 Bxc3 39. bxc3 Ke6 40. Ke4 f5+ 41. Ke3 Kd5 42. a4 Kc5 {[%emt 0:01:08] Kd4+} 0-1

[Event "POR-ch Women 2018"]
[Site "Braga"]
[Date "2018.09.05"]
[Round "5"]
[White "Areal, Maria Beatriz Moura"]
[Black "Pintor, Ariana"]
[Result "0-1"]
[ECO "B19"]
[WhiteElo "1051"]
[BlackElo "1928"]
[Annotator "NA"]
[PlyCount "66"]
[EventDate "2018.09.02"]
[EventType "tourn"]
[EventCountry "POR"]
[SourceTitle "playchess.com"]
[Source "ChessBase"]
[SourceQuality "1"]
[TimeControl "5400+30"]

1. e4 c6 2. d4 d5 3. Nc3 dxe4 4. Nxe4 Bf5 5. Ng3 Bg6 6. Nf3 Nd7 7. h4 h6 8. h5 Bh7 9. Bd3 Bxd3 10. Qxd3 e6 11. Bf4 Qa5+ 12. Bd2 Bb4 13. c3 Be7 14. c4 Bb4 15. O-O Bxd2 16. Qxd2 Qxd2 17. Nxd2 Ngf6 18. Nde4 O-O 19. Rfe1 b5 20. c5 Nd5 21. Rec1 N7f6 22. a3 Rfd8 23. Nxf6+ Nxf6 24. Rd1 Rd5 25. a4 b4 26. Rd3 Nxh5 27. Ne4 Nf4 28. Rd2 Rxd4 29. g3 Rxe4 30. gxf4 Rc4 31. Kg2 Rxc5 32. Kg3 Rc8 33. f3 a5 0-1